 Dungeon Crawl Stone Soup version 0.30-a0-4-ga7cffc901d (webtiles) character file.

Game seed: 2769800242320434180

979 Zeldest the Chopper (level 8, -2/70 HPs)
             Began as a Hill Orc Abyssal Knight on Aug 22, 2022.
             Was a Priest of Lugonu.
             Killed from afar by a steam dragon (8 damage)
             ... with a ball of steam
             ... on level 4 of the Dungeon.
             The game lasted 00:06:19 (4968 turns).

Zeldest the Chopper (Hill Orc Abyssal Knight)       Turns: 4968, Time: 00:06:19

Health: -2/70      AC: 13    Str: 18    XL:     8   Next: 17%
Magic:  0/12       EV:  9    Int: 10    God:    Lugonu [***...]
Gold:   159        SH:  0    Dex: 11    Spells: 7/7 levels left

rFire   . . .      SeeInvis .    t - +1 hand axe (flame)
rCold   . . .      Faith    .    (no shield)
rNeg    . . .      Spirit   +    B - +0 scale mail {Will+}
rPois   .          Reflect  .    (no helmet)
rElec   .          Harm     .    j - +0 cloak
rCorr   .          Rampage  .    (no gloves)
Will    ++...                    i - +0 pair of boots
Stlth   ..........               y - amulet of guardian spirit
HPRegen 0.21/turn                g - ring of willpower
MPRegen 0.13/turn                q - +4 ring of protection

@: no status effects
A: hooves 1, low MP 1
a: Renounce Religion, Depart the Abyss, Bend Space, Banish


You were on level 4 of the Dungeon.
You worshipped Lugonu.
Lugonu was most pleased with you.
You visited 1 branch of the dungeon, and saw 5 of its levels.
You visited the Abyss 1 time.
You also visited: Sewer.

You collected 192 gold pieces.
You spent 33 gold pieces at shops.

Inventory:

Hand Weapons
 t - a +1 hand axe of flaming (weapon)
Missiles
 z - a poisoned dart (quivered)
Armour
 i - a +0 pair of boots (worn)
 j - a +0 cloak (worn)
 B - a +0 scale mail of willpower (worn)
Jewellery
 a - a ring of protection from fire
 g - a ring of willpower (left hand)
 q - a +4 ring of protection (right hand)
 y - an amulet of guardian spirit (around neck)
Wands
 v - a wand of flame (22)
Scrolls
 b - 3 scrolls of teleportation
 c - 3 scrolls of identify {unknown}
 d - 3 scrolls of enchant armour {unknown}
 f - a scroll of fear {unknown}
 k - 2 scrolls of amnesia {unknown}
 m - a scroll of blinking {unknown}
 n - a scroll of immolation {unknown}
 r - a scroll of summoning {unknown}
 s - a scroll of noise {unknown}
 x - a scroll of magic mapping {unknown}
 A - 2 scrolls of brand weapon {unknown}
Potions
 e - 3 potions of heal wounds {unknown}
 h - 2 potions of might
 l - a potion of curing
 o - a potion of flight {unknown}
 p - a potion of haste {unknown}
 u - a potion of lignification {unknown}
 w - a potion of degeneration {unknown}


   Skills:
 + Level 5.7 Fighting
 * Level 7.4 Axes
 + Level 4.5 Armour
 - Level 0.7 Dodging
 * Level 7.3 Invocations


You had 7 spell levels left.
You didn't know any spells.
Your spell library contained the following spells:

 Spells                   Type           Power      Damage    Failure   Level
 Slow                     Hex            0%         N/A       75%         1
 Confusing Touch          Hex            0%         N/A       98%         3
 Summon Guardian Golem    Hex/Summ       0%         N/A       98%         3
 Vampiric Draining        Necr           0%         2d6       98%         3
 Orb of Destruction       Conj           0%         9d5       100%        7
 Spellforged Servitor     Conj/Summ      0%         N/A       100%        7


Dungeon Overview and Level Annotations

Branches:
Dungeon (5/15)              Sewer (visited)
 Temple: D:4-7

Altars:
Ru
Sif Muna

Shops:
D:3 *

Annotations:
D:3 1 runed translucent door, Setbun's ghost, amateur KoBr


Innate Abilities, Weirdness & Mutations

You have large cloven feet.
Your magical capacity is low. (-10% MP)


Message History

The steam dragon bites you but does no damage.
The steam dragon claws you but does no damage.
The orc priest miscasts a cantrip.
The orc priest casts a cantrip, but nothing happens.
The steam dragon breathes steam at you. The ball of steam hits you!
The orc priest threatens, "By the altar or by the axe, you will meet Beogh!"
The orc attacks as you move away! The orc hits you but does no damage.
There is a stone staircase leading up here.
The steam dragon barely misses you.
The steam dragon claws you but does no damage.
The orc hits you but does no damage.
You climb upwards.
There is a stone staircase leading down here.
You hit the orc. You burn the orc.
The orc is severely wounded.
You barely miss the steam dragon. The orc hits you but does no damage.
The steam dragon bites you! The steam dragon barely misses you.
You hit the orc but do no damage.
The orc is severely wounded.
You closely miss the steam dragon. The orc barely misses you.
The steam dragon breathes steam at you. The ball of steam hits you.
You hit the steam dragon. You burn the steam dragon.
The steam dragon is severely wounded.
You barely miss the orc.
You are engulfed in a cloud of scalding steam.
* * * LOW HITPOINT WARNING * * *
The orc hits you but does no damage. The steam dragon bites you!
* * * LOW HITPOINT WARNING * * *
The steam dragon claws you.
* * * LOW HITPOINT WARNING * * *
The orc attacks as you move away! The orc hits you but does no damage.
The steam dragon attacks as you move away!
The steam dragon bites you!
* * * LOW HITPOINT WARNING * * *
The steam dragon claws you but does no damage.
The steam dragon breathes steam at you. The ball of steam hits you!
You die...

..#).#...[......#...###### #.#
.......#####.............# #.#
..#).#<# #..#.#...####.# #.#
..#..#.# #..#.##.## #.# #.#
..#..#)# #..#..#.# #.# #.#
.....#.## #..##.#.# ##.## #.#
..#.#...####..##.#.# ##.#.####.#
.........##...##.#.# #.###.....#
.##............#@#.###..#.######
.###.....##...##ยง#)......##
................oD....)#.#
.#####.#################.# ##
#.# #.# #.# #.######## #.#######
#........# #.......# #.######>#
#.##.##.# #.# #.#


You could see a steam dragon (catching breath) and an orc.

Vanquished Creatures
  A black bear (D:4)
  A scorpion (D:5)
  A howler monkey (D:4)
  2 hounds
  An orc priest (D:2)
  2 iguanas
  2 orc wizards (D:3)
  4 gnolls (D:4)
  8 adders
  3 river rats (D:5)
  A shadow imp (D:5)
  A white imp (D:5)
  An ufetubus (D:5)
  A worm (D:5)
  3 dart slugs
  13 orcs
  6 ball pythons
  4 bats
  7 endoplasms
  4 giant cockroaches
  11 goblins
  11 hobgoblins
  4 jackals (D:2)
  2 quokkas
  A frilled lizard (D:1)
  4 kobolds
  8 rats
107 creatures vanquished.

Notes
Turn   | Place    | Note
-------+----------+-------------------------------------------
     0 | Abyss:1  | Zeldest the Hill Orc Abyssal Knight began the quest for the
                  | Orb.
     0 | Abyss:1  | Reached XP level 1. HP: 19/19 MP: 2/2
     1 | D:1      | Escaped the Abyss
   105 | D:1      | Reached XP level 2. HP: 23/27 MP: 4/4
   367 | D:1      | Found a faded altar of an unknown god.
   735 | D:1      | Reached XP level 3. HP: 33/33 MP: 5/5
  1076 | D:2      | Reached *** piety under Lugonu
  1413 | D:2      | Found the +7 Kryia's mail coat {PotionHeal*2 rC+}
  1566 | D:2      | Reached XP level 4. HP: 37/40 MP: 6/6
  1789 | D:3      | Found Qufofoo's General Store.
  1793 | D:3      | Bought a scroll of teleportation for 33 gold pieces
  1918 | D:3      | Found a runed translucent door.
  1941 | D:3      | Noticed Setbun's ghost (amateur KoBr)
  1974 | D:3      | Reached XP level 5. HP: 46/46 MP: 8/8
  2037 | D:3      | Found a sacrificial altar of Ru.
  2447 | D:4      | Reached skill level 5 in Axes
  2677 | D:3      | Reached skill level 5 in Invocations
  2677 | D:3      | Reached XP level 6. HP: 18/53 MP: 4/9
  3563 | D:4      | Found a shimmering blue altar of Sif Muna.
  3682 | D:4      | Noticed a black bear
  3696 | D:4      | Killed a black bear
  3697 | D:4      | Reached skill level 5 in Fighting
  3697 | D:4      | Reached XP level 7. HP: 26/61 MP: 11/11
  3911 | D:5      | Entered Level 5 of the Dungeon
  4042 | D:5      | Found a glowing drain.
  4046 | Sewer    | Entered a sewer
  4100 | Sewer    | Gained mutation: You expend magic power (3 MP) to
                  | strengthen your wands. [potion of mutation]
  4100 | Sewer    | Gained mutation: Your body sometimes deteriorates upon
                  | taking damage. [potion of mutation]
  4100 | Sewer    | Gained mutation: You are partially covered in large bone
                  | plates. (SH +4) [potion of mutation]
  4100 | Sewer    | HP: 2/61 [poisoned by a water moccasin]
  4374 | Sewer    | Lost mutation: Your body sometimes deteriorates upon taking
                  | damage. [potion of mutation]
  4374 | Sewer    | Lost mutation: You expend magic power (3 MP) to strengthen
                  | your wands. [potion of mutation]
  4374 | Sewer    | Lost mutation: You are partially covered in large bone
                  | plates. (SH +4) [potion of mutation]
  4374 | Sewer    | Gained mutation: Armour fits poorly on your strangely
                  | shaped body. [potion of mutation]
  4374 | Sewer    | Gained mutation: You are agile. (Dex +4, Str/Int -1)
                  | [potion of mutation]
  4374 | Sewer    | Gained mutation: You have large cloven feet. [potion of
                  | mutation]
  4375 | Sewer    | Lost mutation: Armour fits poorly on your strangely shaped
                  | body. [potion of mutation]
  4375 | Sewer    | Lost mutation: You are agile. (Dex +4, Str/Int -1) [potion
                  | of mutation]
  4375 | Sewer    | Gained mutation: Your magical capacity is low. (-10% MP)
                  | [potion of mutation]
  4473 | D:5      | Reached XP level 8. HP: 48/69 MP: 12/12
  4968 | D:4      | Killed from afar by a steam dragon

Illustrated notes

Levels and vault maps discovered:
D:1:      matt_arrival_refuge, layout_basic,
          shapermc_ecumenical_altar_acropolis, due_unseen_surprise
D:2:      layout_loops_ring, serial_forest, infiniplex_forest_lined_corner,
          infiniplex_forest_straight_3, infiniplex_forest_corner_2,
          infiniplex_forest_lined_room_2, infiniplex_forest_straight_1,
          infiniplex_forest_lined_3, grunt_ministairs_3, nrook_mini_vaults
D:3:      layout_rooms, lemuel_crystal_altar, ebering_ghost_reflecting_pool,
          serial_shops, nicolae_shop_stone, roderic_serpentine_path
D:4:      layout_loops_ring, mainiacjoe_overflow_24_doors, minivault_19
D:5:      layout_cave_pools, lightli_sewer_entry_pipes, minivault_27

Skill      XL: |  1  2  3  4  5  6  7 |
---------------+----------------------+-----
Axes           | 3 4 5 6 7 |  7.4
Invocations    | 3 4 5 7 |  7.3
Fighting       | 4 5 |  5.7
Armour         | 3 4 |  4.5
Dodging        | |  0.7

Action                   |  1- 3 |  4- 6 |  7- 9 || total
-------------------------+-------+-------+-------++-------
Melee: Hand axe          |    99 |   170 |   131 ||   400
       Punch             |       |     2 |       ||     2
Throw: Dart              |       |     3 |       ||     3
Invok: Banish            |       |     1 |     4 ||     5
  Use: Potion            |       |       |     4 ||     4
Armor: Leather armour    |    17 |       |       ||    17
       Scale mail        |    29 |   125 |    83 ||   237
Dodge: Dodged            |    54 |    87 |    74 ||   215

Table legend: (Time is in decaauts)
 A = Elapsed time spent in this place.
 B = Non-inter-level travel time spent in this place.
 C = Inter-level travel time spent in this place.
 D = Time resting spent in this place.
 E = Time spent auto-exploring this place.
 F = Levels seen in this place.
 G = Mean time per level.
                   A        B        C        D        E       F      G
               +--------+--------+--------+--------+--------+-----+--------+
         Total |   5030 |   4873 |    157 |   1503 |   2468 |   7 |  718.6 |
       Dungeon |   4673 |   4516 |    157 |   1288 |   2392 |   5 |  934.6 |
         Abyss |      1 |      1 |      0 |      0 |      0 |   1 |    1.0 |
         Sewer |    356 |    356 |      0 |    215 |     76 |   1 |  356.0 |
               +--------+--------+--------+--------+--------+-----+--------+

Top non-repeatable levels by time:
     D:4: 1213 daAuts
     D:3: 989 daAuts
     D:1: 956 daAuts
     D:2: 778 daAuts
     D:5: 734 daAuts
   Sewer: 356 daAuts
 Abyss:1: 1 daAuts
